Map: Belladona EE

Players

TheGeneral - Winner!

  • Race: Terran Terran
  • League: Silver
  • Spawn Location: 5:00

MrFercho

  • Race: Terran Terran
  • League: Silver
  • Spawn Location: 11:00

VOD

Have the link to the VOD?

Description

Time

  • Played on: May 26, 2020, 10:49 a.m.
  • Length: 20:03
Show
View Real Time Build Order
Export as new Build Order

TheGeneral Terran - Winner!

Build Orders:  

Get SALT Encoding   

  12  0:01  SCV  
  13  0:17  Supply Depot, SCV  
  14  0:29  SCV  
  15  0:40  Barracks  
  15  0:42  SCV  
  16  0:46  Refinery  
  16  0:54  SCV  
  17  0:57  Supply Depot  
  17  1:07  SCV  
  18  1:19  SCV  
  18  1:20  Supply Depot  
  19  1:32  Barracks  
  19  1:36  Reaper  
  20  1:44  SCV  
  20  1:45  Refinery  
  21  1:58  Orbital Command  
  21  2:10  Marine  
  22  2:24  Factory  
  22  2:25  Barracks Tech Lab  
  22  2:28  Marine  
  23  3:30  SCV  
  24  3:39  Barracks Tech Lab  
  24  3:40  Marauder  
  24  3:41  Combat Shield  
  25  3:50  Factory Tech Lab  
  25  3:56  Starport  
  25  4:03  Reaper x2  
  27  4:10  Command Center  
  27  4:14  Siege Tank  
  27  4:15  Barracks  
  27  4:16  Starport  
  30  4:23  Concussive Shells  
  30  4:27  SCV  
  31  4:37  Medivac  
  33  4:48  Marauder, Marine  
  36  4:55  Widow Mine  
  38  5:05  Supply Depot x2  
  38  5:06  Supply Depot  
  38  5:08  SCV  
  37  5:24  Marauder  
  37  5:25  Marauder, Barracks Reactor  
  37  5:27  Starport Reactor, Starport Tech Lab  
  41  5:36  Orbital Command  
  41  5:46  Siege Tank  
  41  5:48  Marauder, Marine  
  47  5:56  SCV  
  48  6:02  SCV  
  49  6:09  Banshee  
  50  6:24  SCV x2  
  52  6:32  Medivac  
  52  6:35  Medivac  
  52  6:36  SCV x2  
  58  6:46  Marauder  
  60  6:47  Marauder, Marine x2  
  60  6:48  SCV  
  60  6:49  SCV  
  60  6:51  Refinery x2  
  66  7:04  Command Center  
  66  7:13  Marauder x2, Marine x2  
  72  7:16  Medivac  
  74  7:27  SCV x2  
  76  7:39  Banshee, SCV x2  
  76  7:43  Supply Depot x2  
  81  7:47  Siege Tank  
  84  7:51  SCV x2  
  86  8:08  Supply Depot  
  86  8:10  Supply Depot  
  86  8:11  Medivac  
  86  8:12  Medivac  
  90  8:19  Marine x2  
  91  8:20  Marine x2  
  91  8:25  Orbital Command  
  94  8:29  SCV  
  94  8:30  SCV  
  96  8:41  SCV  
  96  8:46  Barracks  
  97  8:50  Widow Mine  
  97  8:51  Engineering Bay  
  97  8:53  Raven  
  101  9:07  Cloaking Field  
  101  9:22  Marauder x2, Marine x2  
  107  9:24  Terran Infantry Weapons Level 1  
  107  9:27  Armory  
  107  9:29  Medivac  
  107  9:30  Medivac  
  111  9:43  Barracks Reactor  
  111  9:46  Stimpack  
  111  9:50  Marauder x2, Marine x2  
  117  9:53  Medivac  
  117  9:55  Siege Tank  
  122  10:00  SCV x3  
  125  10:19  Terran Vehicle Weapons Level 1  
  125  10:22  Marine x2  
  125  10:23  Marine x2  
  125  10:24  Marauder x2  
  133  11:58  SCV x3  
  136  12:10  SCV x2  
  136  12:11  SCV  
  79  13:34  Viking x3  
  85  13:44  Marine x2  
  85  13:45  Marine x2  
  81  16:08  Missile Turret  
  81  16:10  Missile Turret  
  81  16:48  Command Center  
  81  16:59  Command Center  
  81  17:03  Command Center  
Show
View Real Time Build Order
Export as new Build Order

MrFercho Terran 

Build Orders:  

Get SALT Encoding   

  12  0:01  SCV  
  13  0:26  Supply Depot  
  13  0:37  SCV  
  14  0:49  SCV  
  15  0:51  Engineering Bay  
  15  1:00  Barracks  
  15  1:07  SCV  
  16  1:19  SCV  
  17  1:50  Refinery  
  17  1:52  Refinery, SCV  
  18  2:04  SCV  
  19  2:10  Supply Depot  
  19  2:16  SCV  
  20  2:28  SCV  
  21  2:38  Command Center  
  21  2:58  Barracks Reactor  
  16  3:28  Planetary Fortress  
  14  3:34  Marine x2  
  12  3:52  Marine x2  
  14  3:56  Refinery  
  14  3:57  SCV  
  15  4:09  Marine, SCV  
  16  4:10  Marine  
  16  4:12  Terran Infantry Weapons Level 1  
  18  4:19  SCV  
  18  4:21  SCV  
  18  4:22  Refinery  
  20  4:27  Marine  
  20  4:28  Marine  
  22  4:33  SCV  
  23  4:45  SCV  
  24  4:48  SCV  
  25  4:57  SCV  
  26  5:00  SCV  
  26  5:22  SCV  
  27  5:34  SCV  
  28  5:40  Factory  
  28  5:47  SCV  
  29  5:51  SCV  
  30  5:59  SCV  
  30  6:04  SCV  
  32  6:11  SCV  
  33  6:16  SCV  
  26  6:28  SCV  
  27  6:36  Starport  
  27  6:40  SCV  
  27  6:42  Starport  
  27  6:44  Starport  
  27  6:45  SCV  
  27  6:47  Starport  
  29  6:52  SCV  
  30  6:58  SCV  
  31  7:05  Orbital Command  
  31  7:10  SCV  
  32  7:22  SCV  
  33  7:30  Starport Tech Lab x4  
  33  7:34  SCV  
  34  7:39  Fusion Core  
  34  7:46  SCV  
  35  7:59  SCV  
  35  8:01  Banshee x3  
  45  8:11  SCV  
  46  8:23  Sensor Tower  
  46  8:35  Supply Depot  
  46  8:36  Supply Depot  
  46  8:38  Supply Depot x2  
  46  8:40  Supply Depot  
  46  8:42  Supply Depot  
  46  8:57  Viking, SCV  
  46  9:01  SCV  
  50  9:05  Supply Depot  
  50  9:09  Cloaking Field, SCV  
  51  9:12  Hyperflight Rotors  
  51  9:14  SCV  
  52  9:19  Advanced Ballistics  
  52  9:21  SCV  
  53  9:26  SCV  
  53  9:27  Supply Depot  
  53  9:28  Battlecruiser  
  60  9:33  SCV  
  60  9:38  SCV  
  62  9:50  SCV  
  63  10:02  Command Center  
  63  10:10  Battlecruiser  
  63  10:13  Viking  
  71  10:14  Banshee  
  64  11:05  Missile Turret  
  49  11:41  Marine  
  49  11:42  Marine  
  51  11:48  SCV  
  52  11:59  Marine  
  52  12:00  Marine, Missile Turret, SCV  
  55  12:01  Missile Turret  
  55  12:03  Missile Turret  
  55  12:12  SCV  
  56  12:19  Missile Turret  
  58  12:24  SCV  
  59  12:36  SCV  
  58  12:40  Missile Turret  
  37  13:39  Barracks  
  37  13:42  Barracks  
  37  13:47  Barracks  
  37  13:51  Barracks  
  29  14:41  Marine x4  
  33  14:53  Viking  
  33  14:54  Viking x3  
  33  14:59  Marine x4  
  45  15:16  Marine  
  45  15:17  Marine x3  
  53  15:34  Marine  
  53  15:35  Marine x3  
  45  15:52  Marine  
  45  15:53  Marine x3  
  49  16:12  Factory  
  49  16:14  Factory x2  
  51  17:01  Hellion  
  51  17:02  Hellion x2  
  55  17:22  Hellion  
  57  17:23  Hellion x2  
  58  17:44  Hellion x3  
  58  18:05  Hellion  
  60  18:06  Hellion x2  
  47  18:26  Hellion  
  37  18:27  Marine  
  37  18:28  Marine x3  
  39  18:42  Widow Mine  
  39  18:45  Marine  
  39  18:46  Marine x2  
  13  19:04  Marine  
  12  19:14  Factory Tech Lab x2  
  11  19:26  Engineering Bay  
Tags
 
Matchup
TvT
Race
Terran
Replay Pack
MrFercho
Spawn Locations
Cross Positions
Add a new tag
Caveats
  • Supply blocks, unpowered buildings, or Contaminate may cause inaccurate times.
  • Supply counts are checked every 10 seconds.